 Dungeon Crawl Stone Soup version 0.27.1-1-g398f81649c (webtiles) character file.

Game seed: 13869241156069916925

97 safid the Chopper (level 4, 40/40 HPs)
             Began as a Hill Orc Fighter on Sept 7, 2021.
             Quit the game on level 3 of the Dungeon.
             The game lasted 00:03:54 (2372 turns).

safid the Chopper (Hill Orc Fighter)                Turns: 2372, Time: 00:03:55

Health: 40/40      AC: 11    Str: 19    XL:     4   Next: 68%
Magic:  4/4        EV:  3    Int:  8    God:
Gold:   140        SH:  9    Dex: 10    Spells: 3/3 levels left

rFire    . . .     SeeInvis .   a - +0 war axe
rCold    . . .     Faith    .   c - +0 kite shield
rNeg     . . .     Spirit   .   e - +0 plate armour
rPois    .         Reflect  .   (no helmet)
rElec    .         Harm     .   (no cloak)
rCorr    +         Rampage  .   (no gloves)
Will     +....                  (no boots)
Stlth    ..........             (no amulet)
HPRegen  0.13/turn              f - ring of resist corrosion
MPRegen  0.09/turn              h - ring of willpower

@: no status effects
A: no striking features
a: no special abilities


You were on level 3 of the Dungeon.
You visited 1 branch of the dungeon, and saw 3 of its levels.

You collected 140 gold pieces.

Inventory:

Hand Weapons
 a - a +0 war axe (weapon)
Armour
 c - a +0 kite shield (worn)
 e - a +0 plate armour (worn)
Jewellery
 f - a ring of resist corrosion (left hand)
 h - a ring of willpower (right hand)
Scrolls
 b - a scroll of identify {unknown}
 g - a scroll of enchant weapon {unknown}
 i - 2 scrolls of teleportation {unknown}
 j - a scroll of amnesia {unknown}
Potions
 d - 2 potions of might
 k - a potion of curing {unknown}


   Skills:
 + Level 4.1 Fighting
 + Level 4.4 Axes
 + Level 4.0 Armour
 - Level 0.1 Dodging
 + Level 3.8 Shields


You had 3 spell levels left.
You didn't know any spells.
Your spell library contained the following spells:

 Spells                   Type           Power      Damage    Failure   Level
 Magic Dart               Conj           0%         1d3       100%        1
 Searing Ray              Conj           0%         3d3       100%        2
 Fulminant Prism          Conj/Hex       0%         3d6       100%        4


Dungeon Overview and Level Annotations

Branches:
Dungeon (3/15)

Altars:

Annotations:
D:2 1 runed translucent door, Crazy Yiuf


Message History

a +0 club; an orc skeleton
Found a scroll labelled UKLAPP YSTA.
Found 11 gold pieces.
You now have 140 gold pieces (gained 11).
i - 2 scrolls labelled UKLAPP YSTA (gained 1)
A ball python comes into view.
The ball python hisses angrily.
A ball python is nearby!
You hit the ball python but do no damage.
The ball python bites you but does no damage.
The ball python grabs you. The ball python constricts you.
You hit the ball python but do no damage.
The ball python bites you but does no damage.
The ball python constricts you. You block the ball python's attack.
The ball python constricts you.
Your plate armour prevents you from hitting the ball python.
The ball python bites you but does no damage.
The ball python constricts you. You block the ball python's attack.
The ball python constricts you.
Your plate armour prevents you from hitting the ball python.
You block the ball python's attack. The ball python constricts you.
The ball python bites you but does no damage.
The ball python constricts you.
You closely miss the ball python.
The ball python bites you but does no damage.
The ball python constricts you.
The ball python bites you but does no damage.
The ball python constricts you.
You slash the ball python!
You kill the ball python!
No target in view!
You see here a ball python corpse.
Found a stone staircase leading up.
A kobold comes into view. It is wielding a +0 club.
The kobold shouts!
A kobold is nearby!
Found a ring mail.
Welcome back, safid the Hill Orc Fighter.
Press ? for a list of commands and other information.
Are you sure you want to abandon this character and quit the game? (Confirm with "yes".)

###### ## #....
.. ...[. .
#.#.### #.#.#...
#.###.#.#.######
........@..K....
...#.#.#########.
#.............
#.....#######.
#...#.# #...#.#
#...#.# #.#.#.#
#.#.#.#


You could see a kobold.

Vanquished Creatures
  An orc priest (D:3)
  2 dart slugs (D:1)
  4 orcs (D:3)
  4 ball pythons
  6 endoplasms (D:1)
  2 giant cockroaches (D:1)
  4 goblins
  3 hobgoblins
  5 jackals (D:1)
  2 quokkas
  10 bats
  3 frilled lizards
  3 kobolds (D:1)
  5 rats
54 creatures vanquished.

Notes
Turn   | Place    | Note
-------+----------+-------------------------------------------
     0 | D:1      | safid the Hill Orc Fighter began the quest for the Orb.
     0 | D:1      | Reached XP level 1. HP: 19/19 MP: 1/1
   470 | D:1      | Reached XP level 2. HP: 22/27 MP: 2/2
   644 | D:1      | Reached XP level 3. HP: 33/33 MP: 3/3
   876 | D:1      | Found a faded altar of an unknown god.
  1509 | D:2      | Found a runed translucent door.
  1510 | D:2      | Noticed Crazy Yiuf
  2079 | D:3      | Reached XP level 4. HP: 40/40 MP: 4/4
  2372 | D:3      | Quit the game

Illustrated notes

Levels and vault maps discovered:
D:1:      roderic_dead_forest, layout_basic, shapermc_ecumenical_altar_venn,
          st_stairs_1, minmay_heptomino_l4
D:2:      layout_basic, uniq_crazy_yiuf_cottage
D:3:      layout_basic, hex_tiny

Skill      XL: |  1  2  3  4 |
---------------+-------------+-----
Axes           | 3 4 |  4.4
Fighting       | 4 |  4.1
Armour         | 4 |  4.0
Dodging        | |  0.1
Shields        | |  3.8

Action                   |  1- 3 |  4- 6 || total
-------------------------+-------+-------++-------
Melee: War axe           |   110 |    20 ||   130
Armor: Scale mail        |    17 |       ||    17
       Plate armour      |    58 |    13 ||    71
Dodge: Dodged            |    27 |     1 ||    28
Block: Kite shield       |    62 |     9 ||    71
